 Dungeon Crawl Stone Soup version 0.24.0-1-gfbc8707 (webtiles) character file.

Game seed: 4522354444833929369, levelgen mode: deterministic

4601 BleediousPenious the Carver (level 10, -8/76 HPs)
             Began as a Human Fighter on Jan 11, 2020.
             Was a Follower of the Shining One.
             Killed from afar by Erica (23 damage)
             ... with a bolt of poison
             ... on level 8 of the Dungeon.
             The game lasted 00:23:09 (9603 turns).

BleediousPenious the Carver (Human Fighter)         Turns: 9603, Time: 00:23:10

Health: -8/76      AC:  0    Str: 19    XL:     10   Next: 69%
Magic:  11/11      EV: 22    Int:  8    God:    the Shining One [*.....]
Gold:   176        SH:  0    Dex: 19    Spells: 9/9 levels left

rFire    . . .     SeeInvis .   (weapon currently unavailable)
rCold    . . .     Gourm    .   (shield currently unavailable)
rNeg     . . .     Faith    .   (armour currently unavailable)
rPois    .         Spirit   .   (helmet currently unavailable)
rElec    .         Reflect  .   (cloak currently unavailable)
rCorr    .         Harm     .   (gloves currently unavailable)
MR       .....                  (boots currently unavailable)
Stlth    +.........             (no amulet)
HPRegen  0.22/turn              (ring currently unavailable)
MPRegen  0.12/turn              (ring currently unavailable)

@: lethally poisoned (-8 -> -19), bat-form, flying, slowed, glowing, quick
A: tiny, high mp 1
a: Renounce Religion


You were on level 8 of the Dungeon.
You worshipped the Shining One.
The Shining One was aware of your devotion.
You were not hungry.
You were in bat-form.
You visited 2 branches of the dungeon, and saw 9 of its levels.

You collected 330 gold pieces.
You spent 154 gold pieces at shops.

Inventory:

Hand Weapons
 a - a +4 long sword (melded)
Missiles
 A - 9 arrows
Armour
 b - a +0 scale mail (melded)
 c - a +0 shield (melded)
 i - a cursed +0 leather armour
 l - a +2 hat (melded)
 r - a +0 pair of gloves of archery (melded)
 s - a +2 cloak of invisibility (melded)
Jewellery
 m - an uncursed amulet of regeneration {unknown}
Wands
 k - a wand of polymorph (9)
Scrolls
 d - a scroll of vulnerability {unknown}
 e - 2 scrolls of amnesia
 h - a scroll of random uselessness {unknown}
 n - 3 scrolls of remove curse
 o - 2 scrolls of teleportation
 p - 5 scrolls of magic mapping
 t - a scroll of fear
 u - 3 scrolls of identify
 v - a scroll of enchant armour
 y - a scroll of blinking {unknown}
 z - a scroll of noise {unknown}
Potions
 g - 2 potions of magic
 j - a potion of curing
 q - 3 potions of cancellation {unknown}
 w - a potion of mutation
 x - a potion of berserk rage {unknown}
Comestibles
 f - 14 rations


   Skills:
 + Level 6.2 Fighting
 + Level 9.3 Long Blades
 + Level 7.8 Armour
 + Level 3.8 Dodging
 + Level 1.3 Stealth
 + Level 6.9 Shields
 + Level 1.0 Evocations


You had 9 spell levels left.
You didn't know any spells.
Your spell library was empty.

Dungeon Overview and Level Annotations

Branches:
Dungeon (8/15)             Temple (1/1) D:5
   Lair: D:8-11

Altars:
Ashenzari
Dithmenos
Elyvilon
Fedhas
Gozag
Hepliaklqana
Kikubaaqudgha
Makhleb
Nemelex Xobeh
Okawaru
Ru
Sif Muna
Trog
Uskayaw
Vehumet
Wu Jian
Xom
Yredelemnul
Zin
The Shining One

Shops:
D:4 !

Annotations:
D:8 3 runed translucent doors, Erica; centipede's ghost, novice DrWz


Innate Abilities, Weirdness & Mutations

((You have a pair of small antennae on your head.))
You have an increased reservoir of magic. (+10% MP)


Message History

* * * LOW HITPOINT WARNING * * *
You feel sick.
Erica gestures wildly while chanting.
Erica flickers and vanishes!
Deactivating autopickup; reactivate with Ctrl-A.
You hear a zap.
Something tries to affect you, but you resist.
* * * LOW HITPOINT WARNING * * *
You feel sick.
You feel better.
You feel as though you will be slow longer.
You hear a zap.
Something tries to affect you, but you resist.
You hear a zap.
Something tries to affect you, but you resist.
You hear some strange, mumbled words.
A bolt of poison appears from out of thin air!
The bolt of poison hits you!!
You are poisoned.
You die...

#....#...# #####....#...####
######## #.)..............
##......# #)#..............
#.......# ###)#.>............
##.......###...............#..
#...............##.........#..
#................#.........#..
#............b...#.........#..
#................#.........#..
#............#...####......#..
#...###......#................
#...# #......#...#####...###..
#...# #..............<...# #..
#...# #..................###..
#...# #..................'....
#...# #..................###++


There were no monsters in sight!

Vanquished Creatures
  A two-headed ogre (D:7)
  Pikel (D:8)
  A hippogriff (D:8)
  Sigmund (D:4)
  4 yaks (D:6)
  A wyvern (D:7)
  Duvessa (D:7)
  An orc warrior (D:8)
  A necrophage (D:6)
  An ice beast (D:6)
  An ogre (D:7)
  2 centaurs (D:8)
  3 bullfrogs
  A gnoll sergeant (D:6)
  Dowan (D:7)
  4 scorpions
  6 killer bees
  A crimson imp (D:7)
  5 hounds
  A bullfrog skeleton (D:6)
  A quasit (D:7)
  A centaur skeleton (D:6)
  An orc priest (D:3)
  A bullfrog zombie (D:6)
  A jelly (D:6)
  Natasha (D:2)
  Crazy Yiuf (D:3)
  4 orc wizards
  7 worker ants
  A killer bee zombie (D:5)
  A hound zombie (D:7)
  2 hound skeletons
  6 gnolls
  A howler monkey skeleton (D:6)
  15 adders
  2 shadow imps
  An adder zombie (D:5)
  2 adder skeletons
  2 worms (D:2)
  2 dart slugs
  3 leopard geckos
  14 orcs
  A giant cockroach (D:7)
  3 goblins
  6 hobgoblins
  8 jackals
  2 quokkas
  A ball python (D:5)
  8 bats
  5 frilled lizards
  6 kobolds
  2 leopard gecko skeletons
  2 rats (D:1)
152 creatures vanquished.

Vanquished Creatures (others)
  A human (D:2)
  A howler monkey (D:6)
  An orc wizard (D:6)
3 creatures vanquished.

Grand Total: 155 creatures vanquished

Notes
Turn   | Place    | Note
-------+----------+-------------------------------------------
     0 | D:1      | BleediousPenious the Human Fighter began the quest for the
                  | Orb.
     0 | D:1      | Reached XP level 1. HP: 18/18 MP: 1/1
   257 | D:1      | Reached XP level 2. HP: 10/24 MP: 2/2
   878 | D:2      | Found a white marble altar of Elyvilon.
   897 | D:2      | Reached XP level 3. HP: 22/29 MP: 3/3
   910 | D:2      | HP: 1/29 [poisoned by an adder]
  1119 | D:2      | Reached XP level 4. HP: 23/35 MP: 4/4
  1601 | D:2      | You fall into a shaft and drop 2 floors!
  1758 | D:4      | Reached XP level 5. HP: 24/41 MP: 5/5
  2059 | D:4      | Noticed Sigmund
  2102 | D:5      | Entered Level 5 of the Dungeon
  2294 | D:5      | Reached skill level 3 in Long Blades
  2487 | D:5      | Found a staircase to the Ecumenical Temple.
  2499 | Temple   | Entered the Ecumenical Temple
  2642 | D:4      | Reached XP level 6. HP: 45/47 MP: 6/6
  2817 | D:2      | Noticed Natasha
  2818 | D:2      | Found an ancient bone altar of Kikubaaqudgha.
  2821 | D:2      | Killed Natasha
  2821 | D:2      | Reached skill level 1 in Dodging
  2822 | D:2      | Noticed a human
  2823 | D:2      | Killed a human
  3185 | D:3      | Found a glowing silver altar of Zin.
  3887 | D:3      | Found a faded altar of an unknown god.
  4124 | D:3      | Found a runed translucent door.
  4125 | D:3      | Noticed Crazy Yiuf
  4134 | D:3      | Killed Crazy Yiuf
  4346 | D:4      | Reached XP level 7. HP: 53/53 MP: 7/7
  4385 | D:4      | Killed Sigmund
  4385 | D:4      | Reached skill level 4 in Long Blades
  4756 | D:4      | Found Saosch Cule's Distillery.
  4759 | D:4      | Bought a potion of mutation for 112 gold pieces
  4759 | D:4      | Bought a potion of curing for 42 gold pieces
  4759 | D:4      | Gained mutation: You have a pair of small antennae on your
                  | head. [potion of mutation]
  4759 | D:4      | Gained mutation: You have an increased reservoir of magic.
                  | (+10% MP) [potion of mutation]
  5191 | D:5      | Found a hide-covered altar of Uskayaw.
  5512 | D:6      | Reached skill level 5 in Long Blades
  5512 | D:6      | Reached skill level 5 in Armour
  5512 | D:6      | Reached skill level 5 in Shields
  5512 | D:6      | Reached XP level 8. HP: 61/61 MP: 8/8
  5834 | D:6      | Found a shimmering altar of Xom.
  5942 | D:6      | Found a radiant altar of Vehumet.
  6016 | D:6      | Found a glowing golden altar of the Shining One.
  6018 | D:6      | Noticed a yak
  6019 | D:6      | Noticed a yak
  6019 | D:6      | Noticed a yak
  6020 | D:6      | Noticed a yak
  6045 | D:6      | Killed a yak
  6045 | D:6      | Reached skill level 6 in Long Blades
  6083 | D:6      | Killed a yak
  6083 | D:6      | Reached skill level 5 in Fighting
  6083 | D:6      | Reached XP level 9. HP: 24/68 MP: 9/9
  6092 | D:6      | HP: 3/68 [yak (10)]
  6309 | D:6      | Reached skill level 7 in Long Blades
  6445 | D:6      | Became a worshipper of the Shining One
  6524 | D:6      | Found a burning altar of Makhleb.
  6720 | D:7      | Noticed Duvessa
  6721 | D:7      | Noticed Dowan
  6845 | D:7      | Killed Duvessa
  6852 | D:7      | Killed Dowan
  6891 | D:7      | Identified a scroll of acquirement
  7177 | D:7      | Found a sacrificial altar of Ru.
  7420 | D:7      | Found an iron altar of Okawaru.
  7443 | D:7      | Found a shattered altar of Ashenzari.
  7661 | D:7      | Reached * piety under the Shining One
  7667 | D:7      | Reached skill level 8 in Long Blades
  7667 | D:7      | Reached skill level 1 in Stealth
  8190 | D:8      | Noticed a hippogriff
  8200 | D:8      | Killed a hippogriff
  8274 | D:8      | Reached XP level 10. HP: 64/76 MP: 11/11
  8678 | D:8      | Found a runed translucent gate.
  8678 | D:8      | Found a runed translucent gate.
  8678 | D:8      | Found a runed translucent gate.
  8678 | D:8      | Found an opulent altar of Gozag.
  8679 | D:8      | Noticed centipede's ghost (novice DrWz)
  8699 | D:8      | Noticed Erica
  8783 | D:8      | Noticed a two-headed ogre
  9012 | D:7      | Killed a two-headed ogre
  9012 | D:7      | Reached skill level 9 in Long Blades
  9196 | D:8      | Found a shimmering blue altar of Sif Muna.
  9265 | D:8      | Noticed Pikel
  9316 | D:8      | Killed Pikel
  9316 | D:8      | Reached skill level 1 in Evocations
  9603 | D:8      | Killed from afar by Erica

Levels and vault maps discovered:
D:1:      matt_arrival_refuge, layout_basic
D:2:      layout_rooms, nicolae_overflow_hidden_temple, tgw_kikubaaqudgha,
          uniq_natasha
D:3:      layout_loops_cross, lemuel_round_altar,
          chequers_ecumenical_altar_island, uniq_crazy_yiuf_cottage
D:4:      layout_cave_pools, serial_glass, glass_columns_b, glass_columns_a,
          glass_columns_b, glass_columns_a, feat_on_display,
          due_unseen_surprise, minmay_strange_pillars, minmay_strange_pillars,
          serial_shops, kennysheep_mini, uniq_sigmund
D:5:      layout_loops_ring, lemuel_doored_altar, minmay_temple_entry_glass,
          first_ration
D:6:      layout_loops_ring, nicolae_overflow_crystal_walls,
          lemuel_coloured_pillars_altar, overflow_temple_1_default,
          xom_confusion_cloud
D:7:      layout_layer_cave, overflow_temple_1_default, marbit_many_paths,
          nicolae_ru_sacrificial_ziggurat, uniq_duvessa
D:8:      layout_basic, lemuel_round_altar, ebering_ghost_gozag, uniq_pikel,
          uniq_erica
Temple:   chequers_temple_sunken

Skill      XL: |  1  2  3  4  5  6  7  8  9 10 |
---------------+-------------------------------+-----
Armour         | 4 5 6 7 |  7.8
Shields        | 4 5 6 |  6.9
Long Blades    | 3 5 6 8 9 |  9.3
Dodging        | 1 2 3 |  3.8
Fighting       | 4 5 6 |  6.2
Stealth        | 1 |  1.3
Evocations     | 1 |  1.0

Action                   |  1- 3 |  4- 6 |  7- 9 | 10-12 || total
-------------------------+-------+-------+-------+-------++-------
Melee: Long sword        |    64 |   237 |   254 |    90 ||   645
Evoke: Wand              |       |       |       |     6 ||     6
  Use: Scroll            |     4 |     7 |     3 |     1 ||    15
       Potion            |     2 |     3 |     6 |     1 ||    12
  Eat: Ration            |     1 |     1 |     3 |     1 ||     6
       Chunk             |       |     5 |     2 |     1 ||     8
Armor: Scale mail        |    34 |   137 |   128 |    33 ||   332
Dodge: Dodged            |    16 |   102 |    78 |    44 ||   240
Block: Shield            |    37 |   133 |   115 |    56 ||   341
       Rpst.: Long sword |     2 |    29 |    29 |    10 ||    70
